 Dungeon Crawl Stone Soup version 0.27-a0-1290-g15d3ce7508 (webtiles) character file.

Game seed: 1744562224953554551

23 HAL9000 the Skirmisher (level 2, -1/25 HPs)
             Began as a Palentonga Fighter on June 15, 2021.
             Slain by Terence (4 damage)
             ... on level 2 of the Dungeon.
             The game lasted 00:01:36 (1569 turns).

HAL9000 the Skirmisher (Palentonga Fighter)         Turns: 1569, Time: 00:01:36

Health: -1/25      AC:  6    Str: 19    XL:     2   Next: 75%
Magic:  2/2        EV:  5    Int:  8    God:
Gold:   144        SH:  8    Dex:  9    Spells: 1/1 levels left

rFire    . . .     SeeInvis +   a - +0 trident
rCold    . . .     Faith    .   c - +0 kite shield
rNeg     . . .     Spirit   .   b - +0 scale mail
rPois    .         Reflect  .   (no helmet)
rElec    .         Harm     .   (no cloak)
rCorr    .         Rampage  .   (no gloves)
Will     .....                  (no barding)
Stlth    ..........             (no amulet)
HPRegen  0.08/turn              (no ring)
MPRegen  0.08/turn              (no ring)

@: no status effects
A: large, rugged brown scales 3, see invisible, deformed body, roll 1, armoured
tail
a: Rolling Charge


You were on level 2 of the Dungeon.
You visited 1 branch of the dungeon, and saw 2 of its levels.

You collected 144 gold pieces.

Inventory:

Hand Weapons
 a - a +0 trident (weapon)
Missiles
 g - 4 javelins
Armour
 b - a +0 scale mail (worn)
 c - a +0 kite shield (worn)
Scrolls
 e - 3 scrolls of identify {unknown}
 h - a scroll of acquirement {unknown}
 j - a scroll of silence {unknown}
Potions
 d - a potion of might
 f - 2 potions of curing {unknown}
 i - a potion of heal wounds {unknown}


   Skills:
 - Level 3.1 Fighting
 + Level 2.9 Polearms
 - Level 2.4 Armour
 - Level 2.4 Shields


You had one spell level left.
You didn't know any spells.
Your spell library contained the following spells:

 Spells                   Type           Power      Damage    Failure   Level
 Beastly Appendage        Tmut           0%         N/A       99%         1
 Wereblood                Tmut           0%         N/A       100%        2
 Spider Form              Tmut/Pois      0%         N/A       100%        3
 Ice Form                 Ice/Tmut       0%         N/A       100%        4


Dungeon Overview and Level Annotations

Branches:
Dungeon (2/15)

Altars:

Annotations:
D:2 Terence


Innate Abilities, Weirdness & Mutations

You are completely covered in rugged brown scales. (AC +3, +7% HP)
You have supernaturally acute eyesight. (SInv)
Armour fits poorly on your strangely shaped body.
You can roll at nearby foes to attack.
You have a long armoured tail.


Message History

Terence is heavily wounded.
Terence hits you with a +0 hand axe. The kobold barely misses you.
You hit Terence but do no damage.
Terence is heavily wounded.
Terence hits you with a +0 hand axe! The kobold hits you but does no damage.
Terence says, "How do you enjoy it?" Terence barely misses you.
The kobold hits you with a +0 dagger.
You are too injured to fight recklessly!
You are too injured to fight recklessly!
Unknown command.
Roll where?
Press: ? - help, Dir - move target, f - Terence
Aim: Terence, wielding a +0 hand axe and wearing a +0 ring mail (moderately wounded)
You roll forward with a clatter of scales!
You barely miss Terence.
Terence is moderately wounded.
You block Terence's attack. x2
You are too injured to fight recklessly!
You are too injured to fight recklessly!
Unknown command.
Your scale mail prevents you from hitting Terence.
Terence is moderately wounded.
Terence hits you with a +0 hand axe.
* * * LOW HITPOINT WARNING * * *
You puncture Terence!
Terence is almost dead.
You block Terence's attack.
Unknown command.
You closely miss Terence.
Terence is almost dead.
Terence barely misses you. You block Terence's attack.
Unknown command.
You barely miss Terence.
Terence is severely wounded.
Terence hits you with a +0 hand axe.
* * * LOW HITPOINT WARNING * * *
You closely miss Terence.
Terence is severely wounded.
Terence hits you with a +0 hand axe.
You die...

###.#.......†...'....!.. #.#
....#.......#...#....... #.#
######.....##...##..(..####'####
.....##...##.....##...##.......#
####. ######.###.# #####.......#
...# #.# #.# #.......# ##.# #.#
#K# ####.#### .#.# #.# #@#
####.# ##.# #.# #@#######....#
#.# #.# #.......#.#### ##.# ###
#######.#.######## .#.#
#.#......... .#.# #.##########
.#.# #.# .#.# #.# .#.# #.# >#)#
#.#


You could see Terence and a kobold.

Vanquished Creatures
  6 bats
  An endoplasm (D:1)
  5 goblins
  3 hobgoblins
  A jackal (D:2)
  A quokka (D:1)
  2 ball pythons
  2 kobolds (D:1)
  A rat (D:1)
22 creatures vanquished.

Vanquished Creatures (others)
  3 toadstools (D:1)
3 creatures vanquished.

Grand Total: 25 creatures vanquished

Notes
Turn   | Place    | Note
-------+----------+-------------------------------------------
     0 | D:1      | HAL9000 the Palentonga Fighter began the quest for the Orb.
     0 | D:1      | Reached XP level 1. HP: 19/19 MP: 1/1
   235 | D:1      | Found a faded altar of an unknown god.
   473 | D:1      | Reached XP level 2. HP: 23/25 MP: 2/2
  1549 | D:2      | Noticed Terence
  1569 | D:2      | Slain by Terence

Illustrated notes

Levels and vault maps discovered:
D:1:      dpeg_arrival_water_fire, layout_basic, basic_ecumenical_altar,
          minmay_gold_behind_fungi
D:2:      kennysheep_six_static_rooms, layout_basic, uniq_terence, uniq_natasha

Skill      XL: |  1 |
---------------+----+-----
Polearms       | 2 |  2.9
Fighting       | |  3.1
Armour         | |  2.4
Shields        | |  2.4

Action                   || total
-------------------------++-------
Melee: Trident           ||    93
       Tailslap          ||     3
 Abil: Rolling Charge    ||     1
Armor: Scale mail        ||    47
Dodge: Dodged            ||    18
Block: Kite shield       ||    36

Table legend: (Time is in decaauts)
 A = Elapsed time spent in this place.
 B = Non-inter-level travel time spent in this place.
 C = Inter-level travel time spent in this place.
 D = Time resting spent in this place.
 E = Time spent auto-exploring this place.
 F = Levels seen in this place.
 G = Mean time per level.
                   A        B        C        D        E       F      G
               +--------+--------+--------+--------+--------+-----+--------+
         Total |   1605 |   1571 |     34 |      0 |   1362 |   2 |  802.5 |
       Dungeon |   1605 |   1571 |     34 |      0 |   1362 |   2 |  802.5 |
               +--------+--------+--------+--------+--------+-----+--------+

Top non-repeatable levels by time:
     D:1: 1041 daAuts
     D:2: 563 daAuts
